[Event "*** Titled Tuesday Blitz"]
[Site "Chess.com"]
[Date "2020.05.19"]
[Round "7"]
[White "StephenDedalus83"]
[Black "kirillshevchenko"]
[Result "0-1"]
[WhiteElo "2759"]
[BlackElo "2931"]
[TimeControl "180+1"]
[EndTime "13:20:51 PDT"]
[Termination "kirillshevchenko won by resignation"]

1. e4 c5 2. Nf3 d6 3. d4 cxd4 4. Nxd4 Nf6 5. Nc3 a6 6. g3 e5 7. Nde2 Be7 8. Bg2 b5 9. Nd5 Nbd7 10. Nec3 Bb7 11. O-O Nb6 12. Nxf6+ Bxf6 13. b3 Rc8 14. Qd2 Qc7 15. Bb2 O-O 16. Rac1 Rfd8 17. Nd5 Bxd5 18.
exd5 Qc5 19. Kh1 Re8 20. Rfe1 Re7 21. Re2 Rce8 22. Be4 g6 23. Bc3 Bg5 24. Qxg5 Qxc3 25.
Qe3 Qxe3 26. Rxe3 f5 27. Bg2 Rc7 28. Bf1 Rec8 29. c4 e4 30. Rb1 Rc5 31. b4 R5c7 32. cxb5 axb5 33. Bxb5 Nxd5 34. Ra3 Nc3 35. Rxc3 Rxc3 36.
a4 d5 37. a5 d4 38. a6 d3 39. Kg2 d2 40. Rd1 Rd8 41. a7 Ra3 42. Bc4+ Kg7 43. Kf1 Rxa7 44. Ke2 Ra4 45. Rxd2 Rxd2+ 46. Kxd2 Rxb4 47.
Be2 Rb2+ 48. Ke3 Kf6 49. h4 Ke5 0-1

[Event "*** Titled Tuesday Blitz"]
[Site "Chess.com"]
[Date "2020.05.19"]
[Round "7"]
[White "Gennady_Kozlov"]
[Black "Msb2"]
[Result "0-1"]
[WhiteElo "2589"]
[BlackElo "2892"]
[TimeControl "180+1"]
[EndTime "13:20:52 PDT"]
[Termination "Msb2 won by resignation"]

1. b3 d5 2. Bb2 Bf5 3. e3 e6 4. f4 h6 5. Nf3 Nf6 6. Be2 c5 7. O-O Be7 8. d3 Nc6 9. Qe1 d4 10. e4 Bh7 11. Nbd2 Qc7 12. g3 Ng4 13. Nc4 b5 14. h3 bxc4 15. hxg4 c3 16. Bc1 g5 17.
fxg5 hxg5 18. Bxg5 Bg6 19. Bxe7 Qxe7 20. Nh4 e5 21.
Qf2 Nb4 22. Bd1 a5 23. a3 Nc6 24. Nxg6 fxg6 25. Qf6 Kd7 26. g5 Raf8 27. Bg4+ Kc7 28. Qxe7+ Nxe7 29. Rf6 Rxf6 30. gxf6 Nc6 31. Rf1 Kd6 32. Kg2 Nd8 33. Bc8 Rf8 34. g4 Nf7 35. Ba6 Ng5 36. Bc4 Nh7 37. f7 Ke7 38. b4 cxb4 39.
axb4 axb4 40. Ra1 Ng5 41. Ra7+ Kf6 42. Ra6+ Kg7 43. Rb6 Nxf7 44. Rxb4 Ng5 45. Rb7+ Kh6 46. Rb6 Rf3 47. Rb5 Re3 48. Rxe5 Re2+ 49. Kg3 Rxc2 50.
Re8 Rc1 51. Rh8+ Kg7 52. Rg8+ Kf6 53. Rf8+ Ke7 54. Rc8 c2 0-1

[Event "*** Titled Tuesday Blitz"]
[Site "Chess.com"]
[Date "2020.05.19"]
[Round "7"]
[White "TregubovP"]
[Black "grunbergmihai"]
[Result "1-0"]
[WhiteElo "2566"]
[BlackElo "2414"]
[TimeControl "180+1"]
[EndTime "13:20:52 PDT"]
[Termination "TregubovP won by resignation"]

1. e4 Nf6 2. e5 Nd5 3. d4 d6 4.
Nf3 dxe5 5. Nxe5 c6 6. Bc4 Nd7 7. Nf3 N7b6 8. Bb3 a5 9. a3 a4 10.
Ba2 Bg4 11. h3 Bh5 12. g4 Bg6 13. c4 Nf6 14. Nc3 e6 15. Ne5 c5 16. Be3 cxd4 17. Qxd4 Qxd4 18. Bxd4 Nbd7 19. Nxg6 hxg6 20. g5 Nh5 21.
Bb1 Bc5 22. Nb5 Bxd4 23. Nxd4 Nc5 24. Bc2 Nf4 25. h4 Rxh4 26. Rxh4 Ng2+ 27. Ke2 Nxh4 28. Rh1 O-O-O 29. Rxh4 e5 30. b4 axb3 31. Nxb3 Ne6 32. Re4 Re8 33. Ke3 Nxg5 34. Rg4 Ne6 35. Rh4 Nf4 36.
Rh7 Nh5 37. Bd1 Nf4 38. Rxg7 Re7 39. Bf3 Kc7 40. Bd5 Nxd5+ 41. cxd5 Kd6 42. Rg8 Kxd5 43. Rd8+ Kc4 44. Nd2+ Kc3 45. Ne4+ Kb2 46. a4 Kb3 47. a5 Kb4 48. Rd5 f5 49. Nf6 Rc7 50. Rxe5 Rc3+ 51. Kf4 Rc2 52. f3 Rc4+ 53. Kg5 Rc3 54. f4 Rg3+ 55. Kh6 Rf3 56. Kxg6 Ka4 57. Kxf5 1-0

[Event "*** Titled Tuesday Blitz"]
[Site "Chess.com"]
[Date "2020.05.19"]
[Round "7"]
[White "TheBigBadChessDad"]
[Black "14Sokol88"]
[Result "0-1"]
[WhiteElo "2250"]
[BlackElo "2412"]
[TimeControl "180+1"]
[EndTime "13:20:52 PDT"]
[Termination "14Sokol88 won on time"]

1. d4 Nf6 2. Nf3 d6 3. Bg5 Ne4 4. Bf4 Bf5 5. Nbd2 g6 6. e3 Bg7 7. Nxe4 Bxe4 8. Bd3 Bxd3 9. Qxd3 O-O 10. O-O Nd7 11.
c3 Re8 12. e4 e5 13. dxe5 Nxe5 14. Bxe5 Bxe5 15. Nxe5 Rxe5 16. Rad1 Qh4 17. f4 Re6 18. g3 Qe7 19. f5 Rxe4 20. f6 Qe5 21. Qd2 Kh8 22. Qh6 Rg8 23. Rd2 Qh5 24. Qxh5 gxh5 25. Kg2 h4 26. Rf3 h6 27. Rd4 Rxd4 28. cxd4 hxg3 29. hxg3 Re8 30. Rb3 b6 31. d5 Kh7 32.
Rc3 Rc8 33. Rf3 Kg6 34. Kh3 c5 35. dxc6 Rxc6 36. b4 d5 37. Rd3 Rd6 38. Kg4 Kxf6 39. Ra3 Rd7 40. Kh5 Kg7 41. g4 d4 42. Rd3 Rd5+ 43. Kh4 Kg6 44. a4 a6 45. Kg3 Kg5 46. Kf3 f5 47. gxf5 Kxf5 48. Rd1 d3 49. b5 axb5 50. axb5 d2 51. Ke3 Ke5 52. Rh1 d1=Q 53. Rxd1 Rxd1 0-1

[Event "*** Titled Tuesday Blitz"]
[Site "Chess.com"]
[Date "2020.05.19"]
[Round "7"]
[White "GMKrikor"]
[Black "NikolaGry"]
[Result "0-1"]
[WhiteElo "2749"]
[BlackElo "2641"]
[TimeControl "180+1"]
[EndTime "13:20:53 PDT"]
[Termination "NikolaGry won by resignation"]

1. Nf3 c5 2. c4 b6 3. Nc3 Bb7 4. d4 cxd4 5. Nxd4 Nf6 6. f3 d6 7. e4 e6 8. Be3 Nbd7 9. Qd2 a6 10. Be2 Be7 11. O-O O-O 12. a4 Rc8 13. a5 Ne5 14. axb6 Nxc4 15. Bxc4 Rxc4 16. Nb3 Rb4 17. Na5 Ba8 18. Nd5 Nxd5 19. exd5 Rxb6 20. dxe6 fxe6 21. Bxb6 Qxb6+ 22. Kh1 d5 23. Qe2 Bf6 24. Ra2 e5 25. Rc1 Rb8 26. h3 h5 27. b3 Bg5 28. Rd1 Bf4 29.
Ra4 Qg6 30. Qf2 Rf8 31. b4 e4 32. fxe4 dxe4 33. Rf1 e3 34. Qa2+ Kh8 35. b5 Qg3 36. Raxf4 Rxf4 37. Rxf4 Qxf4 38. b6 Qf1+ 39. Kh2 e2 40.
Qd2 e1=Q 41. Qd8+ Kh7 42. Qd3+ Qxd3 0-1

[Event "*** Titled Tuesday Blitz"]
[Site "Chess.com"]
[Date "2020.05.19"]
[Round "7"]
[White "ehrenfeld"]
[Black "Escanor89"]
[Result "1-0"]
[WhiteElo "2452"]
[BlackElo "2565"]
[TimeControl "180+1"]
[EndTime "13:20:53 PDT"]
[Termination "ehrenfeld won by checkmate"]

1. e4 c5 2. d3 Nc6 3. f4 g6 4. Nf3 Bg7 5. Be2 e6 6. O-O Nge7 7. c3 O-O 8. Be3 b6 9. d4 cxd4 10. Nxd4 d5 11. e5 Nxd4 12. cxd4 Bd7 13. Nc3 a6 14. Qd2 b5 15. Rac1 Qb6 16. Nd1 Rfc8 17. Nf2 Nf5 18. Nd3 Nxd4 19. Rxc8+ Rxc8 20. Bd1 Bf8 21. Qf2 Qa5 22. Bxd4 Qxa2 23. Bc5 a5 24. Bxf8 Kxf8 25. Qa7 Be8 26. Qf2 Qc4 27. Be2 Qb3 28. g4 b4 29. f5 exf5 30. gxf5 d4 31. fxg6 hxg6 32. Kh1 Qe6 33. Qf4 Bc6+ 34. Bf3 Kg8 35. Bxc6 Qxc6+ 36. Kg1 Qe6 37. Nf2 Rc2 38. Ne4 a4 39. Nf6+ Kg7 40. Qxd4 a3 41. bxa3 bxa3 42. Rf2 Rxf2 43.
Kxf2 a2 44. Ne4 Qa6 45. e6+ Kh6 46. Qh8# 1-0

[Event "*** Titled Tuesday Blitz"]
[Site "Chess.com"]
[Date "2020.05.19"]
[Round "7"]
[White "Gentle_Emperor"]
[Black "turayev_shahruh17"]
[Result "0-1"]
[WhiteElo "2285"]
[BlackElo "2509"]
[TimeControl "180+1"]
[EndTime "13:20:53 PDT"]
[Termination "turayev_shahruh17 won by resignation"]

1. d4 g6 2. Bf4 Bg7 3. Nc3 c6 4. e4 d5 5. e5 Bf5 6. g4 Bc8 7. Be2 Nd7 8. Qd2 Nb6 9. b3 e6 10. h4 Ne7 11. h5 Nd7 12. Bh6 Bxh6 13. Qxh6 Qb6 14. Nf3 c5 15. Nb5 Rf8 16. Nd6+ Kd8 17.
Qxh7 cxd4 18. Nxf7+ Kc7 19. Nd6 Nc6 20. Nb5+ Kb8 21.
hxg6 Rxf3 22. g7 Rxf2 23. Nd6 d3 24. Qxd3 Ncxe5 25. Qg3 Rf3 26. Qxf3 Nxf3+ 27. Bxf3 Qe3+ 28. Be2 Qc3+ 29. Kf2 Qxg7 30. Nxc8 Kxc8 31. Bf3 Kc7 32. Kg3 Rf8 33. Rhf1 Ne5 34. Bg2 Qxg4+ 35. Kh2 Rh8+ 36. Kg1 Rg8 37. Rf2 Nf3+ 38. Kf1 Nh4 39. Bh1 Qg1+ 40.
Ke2 Qxa1 0-1

[Event "*** Titled Tuesday Blitz"]
[Site "Chess.com"]
[Date "2020.05.19"]
[Round "7"]
[White "Firouzja2003"]
[Black "Bigfish1995"]
[Result "0-1"]
[WhiteElo "3165"]
[BlackElo "3008"]
[TimeControl "180+1"]
[EndTime "13:20:54 PDT"]
[Termination "Bigfish1995 won on time"]

1. e4 e5 2. Nf3 Nc6 3. Bb5 a6 4. Ba4 Nf6 5. O-O b5 6. Bb3 Bc5 7. c3 d6 8. a4 Rb8 9. d4 Bb6 10. a5 Ba7 11. Be3 Bg4 12. dxe5 Bxf3 13. Qxf3 Nxe5 14. Qg3 Bxe3 15. Qxe3 O-O 16. Nd2 c5 17. f4 Nc6 18. Bc2 Re8 19. Qg3 b4 20. Bd3 bxc3 21. bxc3 Nxa5 22. e5 Nh5 23. Qf3 g6 24. g4 Ng7 25. Ne4 dxe5 26. fxe5 Rxe5 27. Qxf7+ Kh8 28. Rxa5 Re8 29. Bc4 Rxe4 30. Rxa6 Rxg4+ 31. Kh1 Qe8 32. Bd5 Qxf7 33. Bxf7 Nh5 34. Ra7 Rf8 35. Bc4 Rgf4 36. Rxf4 Nxf4 37. Rc7 Rf5 38. Kg1 Nh3+ 39.
Kg2 Ng5 40. h3 Ne4 41. Rc8+ Kg7 42. Rc7+ Kh6 43. h4 Rf2+ 44. Kh3 Rf3+ 45. Kg2 Rxc3 0-1

[Event "*** Titled Tuesday Blitz"]
[Site "Chess.com"]
[Date "2020.05.19"]
[Round "7"]
[White "manitodeplomo"]
[Black "Andro2"]
[Result "1-0"]
[WhiteElo "2600"]
[BlackElo "2416"]
[TimeControl "180+1"]
[EndTime "13:20:54 PDT"]
[Termination "manitodeplomo won by checkmate"]

1. d4 e6 2. c4 b6 3. Nf3 Bb7 4. g3 Nf6 5. Bg2 Bb4+ 6. Nbd2 O-O 7. O-O d5 8. a3 Be7 9. b4 dxc4 10. Nxc4 Nbd7 11. Bf4 Nd5 12. Rc1 Nxf4 13. gxf4 c5 14. dxc5 bxc5 15. b5 Nf6 16. e3 Nd5 17. a4 a6 18. Nfe5 axb5 19. axb5 Qc7 20. b6 Qc8 21. Qb3 Rd8 22. Ra1 Bf6 23. Ra7 Rb8 24. Rfa1 Nb4 25. R1a5 Bxe5 26. fxe5 Bd5 27. Bxd5 exd5 28. Nd6 Qg4+ 29.
Kf1 Rxb6 30. Rxc5 Qh3+ 31. Ke2 Qh5+ 32. Kf1 Qh3+ 33. Ke2 Qh5+ 34. Kf1 Rdb8 35. Rc8+ Rxc8 36. Nxc8 Qh3+ 37. Ke2 Qh5+ 38. Ke1 Rc6 39. Ne7+ Kf8 40. Nxc6 g6 41. Qxb4+ Kg7 42. Qf4 Qh3 43. Qf6+ Kh6 44. Rxf7 Qg2 45. Qh4# 1-0

[Event "*** Titled Tuesday Blitz"]
[Site "Chess.com"]
[Date "2020.05.19"]
[Round "7"]
[White "Vegan4future"]
[Black "FontVella8"]
[Result "0-1"]
[WhiteElo "2382"]
[BlackElo "2541"]
[TimeControl "180+1"]
[EndTime "13:20:54 PDT"]
[Termination "FontVella8 won by checkmate"]

1. e4 c6 2. Nc3 d5 3. Qf3 dxe4 4.
Nxe4 Nf6 5. Nxf6+ exf6 6. c3 Bd6 7. d4 O-O 8. Bd3 Qc7 9. Ne2 Nd7 10. Bf4 Re8 11.
O-O Nf8 12. Rae1 Bd7 13. Bxd6 Qxd6 14. Ng3 Ng6 15. Ne4 Qc7 16. Nc5 b6 17. Nxd7 Qxd7 18. Be4 Ne7 19. h4 f5 20. Bc2 g6 21. h5 Kg7 22.
Qf4 Nd5 23. h6+ Kg8 24. Qh4 Rxe1 25. Rxe1 Re8 26. Rxe8+ Qxe8 27. Qg5 Qe7 28. Qg3 f4 29. Qg4 Qe6 30. Qxe6 fxe6 31. a3 Kf7 32. c4 Nf6 33. f3 Ng8 34. b4 Nxh6 35. Be4 Nf5 36. c5 Nxd4 37. cxb6 axb6 38. a4 Ke7 39. a5 bxa5 40. bxa5 Kd6 41. Kh2 Kc5 42. Kh3 Kb5 43. Kh4 c5 44. Kg5 c4 45. Kxf4 Kxa5 46. Ke5 Ne2 47. Kxe6 Nf4+ 48. Kf6 Nxg2 49. Kg7 h5 50. Bxg6 h4 51. Bf5 c3 52. Kf6 h3 53. Bxh3 c2 54.
Bxg2 c1=Q 55. Kf5 Qc5+ 56. Ke4 Kb6 57. Bh3 Kc7 58. Bg4 Kd6 59. Kf4 Qe5# 0-1

[Event "*** Titled Tuesday Blitz"]
[Site "Chess.com"]
[Date "2020.05.19"]
[Round "7"]
[White "Everyfishknows"]
[Black "aaronmaster123"]
[Result "0-1"]
[WhiteElo "2374"]
[BlackElo "2262"]
[TimeControl "180+1"]
[EndTime "13:20:54 PDT"]
[Termination "aaronmaster123 won by resignation"]

1. e4 c5 2. Nf3 Nc6 3. Bb5 g6 4. O-O Bg7 5. Re1 Qb6 6. Bf1 d6 7. Nc3 Bg4 8. Nd5 Qd8 9. c3 Ne5 10. d4 cxd4 11. cxd4 Nxf3+ 12. gxf3 Bd7 13. Be3 Nf6 14.
Nxf6+ Bxf6 15. Qb3 Qb6 16. Qxb6 axb6 17. a3 O-O 18.
Rac1 Rfc8 19. f4 b5 20. e5 Bg7 21. Bd3 Kf8 22. Kf1 Ke8 23. Ke2 f6 24. e6 Bxe6 25. Bxb5+ Bd7 26. Bxd7+ Kxd7 27. d5 Rxc1 28. Rxc1 Rc8 29. Rxc8 Kxc8 30. f5 gxf5 31. Bf4 Kd7 32.
Kd3 e6 33. dxe6+ Kxe6 34. Kd4 Bf8 35. a4 d5 36. b3 Bb4 37. h3 h5 38. f3 Ba3 39. Bd2 Bd6 40. b4 b6 41. b5 Bc5+ 42. Kd3 Ke5 43. a5 bxa5 44. Bxa5 Kf4 45. Bc7+ Kxf3 46. b6 Bxb6 47. Bxb6 Kg3 48. Kd4 Kxh3 49. Kxd5 f4 50. Ke4 Kg4 51. Kd3 Kf3 52. Bd8 h4 53. Bxf6 h3 0-1

[Event "*** Titled Tuesday Blitz"]
[Site "Chess.com"]
[Date "2020.05.19"]
[Round "7"]
[White "Majesth"]
[Black "lamomiablanca"]
[Result "1-0"]
[WhiteElo "2460"]
[BlackElo "2188"]
[TimeControl "180+1"]
[EndTime "13:20:55 PDT"]
[Termination "Majesth won on time"]

1. d4 d6 2. e4 c5 3. d5 Nf6 4.
Nc3 g6 5. f4 Bg7 6. Bb5+ Nfd7 7. a4 O-O 8. Nf3 Na6 9. O-O Nc7 10. Bd3 b6 11. Qe2 Bb7 12. Bd2 a6 13. Ra3 e6 14.
dxe6 fxe6 15. Kh1 Qe7 16. Be1 Rxf4 17. Bg3 Rff8 18. Bh4 Bf6 19. Bxf6 Qxf6 20. Rb3 Qe7 21. Bc4 Kg7 22. Rd1 Rad8 23. Qd2 Ne5 24. Be2 Ng4 25. Kg1 d5 26. exd5 Nxd5 27. Nxd5 Bxd5 28. Qc3+ Kg8 29.
Rxb6 Qc7 30. Rxd5 exd5 31. Qb3 c4 32. Qb4 Rb8 33. Rxb8 Rxb8 34. Qd2 Qb6+ 35. Nd4 Nf6 36. c3 Ne4 37. Qf4 Rf8 38. Qe5 Qxb2 39. Qxd5+ Kh8 40. Qe5+ 1-0

[Event "*** Titled Tuesday Blitz"]
[Site "Chess.com"]
[Date "2020.05.19"]
[Round "7"]
[White "Nayemhaque22"]
[Black "Ranindu2003"]
[Result "1/2-1/2"]
[WhiteElo "2193"]
[BlackElo "2451"]
[TimeControl "180+1"]
[EndTime "13:20:56 PDT"]
[Termination "Game drawn by repetition"]

1. e4 g6 2. d4 Bg7 3. f4 d6 4. Nc3 a6 5. Bd3 b5 6. Nf3 Bb7 7. Be3 Nd7 8. Qe2 Ngf6 9. e5 Ng4 10. e6 fxe6 11. Ng5 Nxe3 12. Qxe3 Nf8 13. Nxe6 Nxe6 14. Qxe6 Qd7 15. Bxg6+ hxg6 16. Qxg6+ Kf8 17. O-O-O b4 18.
Ne2 Rh6 19. Qg5 Be4 20. Ng3 Bh7 21. f5 Rf6 22. Kb1 Bxf5 23. Nxf5 Qxf5 24. Qd2 Rb8 25. h4 Bh6 26. Qe2 Re6 27. Qc4 Rf6 28. g4 Qxg4 29. Rhg1 Qe6 30. d5 Qf7 31. Qxc7 Re8 32. Qc6 a5 33. Qb5 Rg6 34. Rgf1 Rf6 35. Rg1 Rg6 36.
Rgf1 Rf6 37. Rg1 1/2-1/2

[Event "*** Titled Tuesday Blitz"]
[Site "Chess.com"]
[Date "2020.05.19"]
[Round "7"]
[White "allvim"]
[Black "Margarita2907"]
[Result "0-1"]
[WhiteElo "2242"]
[BlackElo "2039"]
[TimeControl "180+1"]
[EndTime "13:20:56 PDT"]
[Termination "Margarita2907 won on time"]

1. e4 c5 2. Nf3 d6 3. d4 cxd4 4. Nxd4 Nf6 5. Nc3 a6 6. Be3 e5 7. Nb3 Be7 8. f3 Be6 9. Qd2 Nbd7 10. O-O-O O-O 11. g4 b5 12. h4 b4 13. Nd5 Bxd5 14. exd5 Nb6 15. Bxb6 Qxb6 16. h5 a5 17. g5 Nd7 18.
Kb1 a4 19. Nc1 f5 20. Rh4 f4 21. Bh3 Nc5 22. Nd3 Nxd3 23. Qxd3 Bxg5 24. Be6+ Kh8 25. Rg4 Bf6 26. h6 g6 27. Rdg1 a3 28. b3 Ra7 29.
Rxg6 hxg6 30. Qxg6 Qd4 31. Kc1 Qe3+ 32. Kb1 Qc3 33. Kc1 e4 34. h7 Qb2+ 35. Kd1 Rg7 36. Kd2 Rxg6 37. Rxg6 Qd4+ 38. Kc1 Kxh7 39. Rg4 Qe3+ 0-1

[Event "*** Titled Tuesday Blitz"]
[Site "Chess.com"]
[Date "2020.05.19"]
[Round "7"]
[White "imdarealist"]
[Black "kot60"]
[Result "1-0"]
[WhiteElo "2251"]
[BlackElo "2359"]
[TimeControl "180+1"]
[EndTime "13:20:57 PDT"]
[Termination "imdarealist won on time"]

1. d4 Nf6 2. Bf4 g6 3. e3 Bg7 4.
Nf3 O-O 5. h3 d6 6. c3 b6 7. Be2 Bb7 8. O-O Nbd7 9. Bh2 c5 10. a4 a6 11. Qb3 Ne4 12. Rd1 Qc7 13. Qa3 Rfb8 14. b4 b5 15. bxc5 Qc6 16. cxd6 exd6 17.
Ne1 Rc8 18. Bf3 d5 19. Nd3 Nb6 20. Bxe4 dxe4 21. Ne5 Bxe5 22. Bxe5 Nc4 23. Qe7 Re8 24. Qf6 Nxe5 25. dxe5 Re6 26. Rd8+ Rxd8 27. Qxd8+ Kg7 28.
axb5 Qxb5 29. Nd2 Qxe5 30. Qd4 Kg8 31. Nc4 Qc7 32. Rb1 Bc8 33. h4 Rc6 34. Ne5 Rxc3 35. h5 Rc1+ 36. Rxc1 Qxc1+ 37. Kh2 Qc7 38. h6 f6 39. Qd5+ Kh8 40. Kg1 fxe5 41. g4 Bxg4 42. Qa8+ Bc8 43. Qd5 Qe7 44. Qxe4 1-0

[Event "*** Titled Tuesday Blitz"]
[Site "Chess.com"]
[Date "2020.05.19"]
[Round "7"]
[White "BillieKimbah"]
[Black "Man-Chuk"]
[Result "0-1"]
[WhiteElo "2848"]
[BlackElo "2743"]
[TimeControl "180+1"]
[EndTime "13:20:58 PDT"]
[Termination "Man-Chuk won on time"]

1. Nf3 d5 2. g3 g6 3. c4 dxc4 4.
Na3 Bg7 5. Nxc4 Nc6 6. d3 e5 7.
Bd2 Nge7 8. b4 Be6 9. Rc1 b5 10.
Ne3 Bxa2 11. Bg2 Be6 12. Ng5 Bd7 13. h4 h6 14. Ne4 O-O 15. Nc5 Rb8 16. Nd5 Nxd5 17. Bxd5 Nd4 18. Nxd7 Qxd7 19. Bg2 Rfc8 20. h5 g5 21. O-O Qg4 22. Re1 Qxh5 23. Bc3 c5 24.
bxc5 Rxc5 25. Bxd4 Rxc1 26. Qxc1 exd4 27. Qc7 Re8 28.
Be4 Qg4 29. Qxa7 Be5 30. Kg2 h5 31. Bf3 Qf5 32. Bxh5 g4 33. Rh1 Bg7 34. Qb7 Rxe2 35. Qb8+ Bf8 36. Bxf7+ Qxf7 37. Rf1 Qf3+ 38. Kg1 Re6 39.
Qxb5 Rh6 40. Qg5+ Bg7 41. Qd8+ Kh7 0-1

[Event "*** Titled Tuesday Blitz"]
[Site "Chess.com"]
[Date "2020.05.19"]
[Round "7"]
[White "WanderingPuppet"]
[Black "Korchmar_Vasiliy"]
[Result "0-1"]
[WhiteElo "2343"]
[BlackElo "2616"]
[TimeControl "180+1"]
[EndTime "13:20:58 PDT"]
[Termination "Korchmar_Vasiliy won on time"]

1. e4 c5 2. Nf3 d6 3. d4 cxd4 4.
Nxd4 Nf6 5. Nc3 Nc6 6. Bg5 e6 7. Qd2 a6 8. O-O-O h6 9. Be3 Be7 10. Be2 Nxd4 11. Qxd4 b5 12. g4 Bb7 13. f3 d5 14.
exd5 Nxd5 15. Nxd5 Bxd5 16. Kb1 O-O 17. h4 Qa5 18. a3 b4 19. Bd2 Rab8 20. g5 Rfd8 21. Bxb4 Bxb4 22. axb4 Rxb4 23. c4 Rdb8 24. Rd2 Bxc4 25.
Bxc4 Rxc4 26. Qxc4 Qxd2 27. Qc2 Qf4 28. gxh6 Qxh6 29.
h5 a5 30. Qc7 Ra8 31. Qb7 Rf8 32. Qb5 Qd2 33. Rg1 Kh7 34. h6 gxh6 35. Rh1 Rg8 36. Qh5 Rg6 37. Qh4 Qe3 38. Qh3 Qd3+ 39. Ka1 a4 40. Qh4 a3 41. bxa3 Qxa3+ 42. Kb1 e5 43. Qd8 Qb3+ 44. Kc1 Rc6+ 45. Kd2 Rc2+ 0-1

[Event "*** Titled Tuesday Blitz"]
[Site "Chess.com"]
[Date "2020.05.19"]
[Round "7"]
[White "poummba"]
[Black "Igor_Lysyj"]
[Result "1-0"]
[WhiteElo "2464"]
[BlackElo "2753"]
[TimeControl "180+1"]
[EndTime "13:20:58 PDT"]
[Termination "poummba won by resignation"]

1. e4 e5 2. Nf3 Nc6 3. Bc4 Bc5 4. d3 Nf6 5. Nc3 d6 6. Bg5 h6 7. Bxf6 Qxf6 8. Nd5 Qd8 9. c3 a6 10. d4 Ba7 11.
dxe5 Nxe5 12. Nxe5 dxe5 13. Qh5 O-O 14. Qxe5 Re8 15.
Qf4 Be6 16. O-O-O c6 17. Nc7 Qe7 18. Bxe6 fxe6 19. Nxa8 Rxa8 20. Qd6 Qf7 21. f3 Re8 22. Kb1 Kh7 23. Rd2 Be3 24. Rd3 Bf4 25. Qd7 Re7 26. Qd8 b5 27. Rhd1 Bc7 28. Qc8 Bxh2 29. Rd7 Rxd7 30. Qxd7 Qg6 31. g4 Qf6 32. Rd3 c5 33.
Qe8 Bc7 34. a3 b4 35. axb4 cxb4 36. Ka2 bxc3 37. Rxc3 Be5 38. Rc8 Bxb2 39. Qg8+ Kg6 40. Rc6 Qxf3 41. Qxe6+ Kg5 42. Qf5+ Qxf5 43. exf5 Kxg4 44.
Kxb2 Kxf5 45. Rxa6 h5 46. Kc2 h4 47. Kd2 h3 48. Ke2 h2 49. Ra1 Kg4 50. Kf2 Kh3 51.
Ra3+ Kh4 52. Kg2 1-0

[Event "*** Titled Tuesday Blitz"]
[Site "Chess.com"]
[Date "2020.05.19"]
[Round "7"]
[White "NormWeinstein"]
[Black "EugeneRougon"]
[Result "1-0"]
[WhiteElo "2462"]
[BlackElo "2729"]
[TimeControl "180+1"]
[EndTime "13:20:58 PDT"]
[Termination "NormWeinstein won by resignation"]

1. e4 d6 2. d4 Nf6 3. Bd3 Nc6 4. c3 e5 5. Nf3 Bg4 6. d5 Ne7 7. Nbd2 Ng6 8. h3 Nf4 9. Bf1 Bd7 10. g3 Ng6 11. Bg2 Qc8 12. Qe2 Be7 13.
h4 Bg4 14. Nf1 O-O 15. Ne3 Bd7 16. h5 Nh8 17. h6 g6 18. Ng5 c6 19. c4 Qd8 20.
Nh3 cxd5 21. cxd5 Qb6 22. Nc4 Qa6 23. O-O Rac8 24. b3 b5 25. Ne3 Ne8 26. Bd2 f5 27. exf5 gxf5 28. Qh5 Nf6 29. Qg5+ Ng6 30. Nxf5 Bxf5 31.
Qxf5 Kh8 32. Qe6 Rce8 33. Ng5 Bd8 34. Nf7+ Kg8 35. Nxd8+ Rxe6 36. Nxe6 Re8 37. Rac1 Qxa2 38. Be3 Qxb3 39. Rc7 Nxd5 40. Rg7+ Kh8 41. Ng5 Nf6 42. Nf7+ Qxf7 43. Rxf7 Ng4 44. Rd1 Rd8 45. Bg5 Rf8 46.
Rxf8+ Nxf8 47. Rxd6 Kg8 48. Bh3 Kf7 49. Bxg4 Ng6 50.
Bf5 Ke8 51. Bxg6+ hxg6 52. Rxg6 1-0

[Event "*** Titled Tuesday Blitz"]
[Site "Chess.com"]
[Date "2020.05.19"]
[Round "7"]
[White "Jumbo"]
[Black "Spartakus1975"]
[Result "1-0"]
[WhiteElo "2868"]
[BlackElo "2687"]
[TimeControl "180+1"]
[EndTime "13:20:59 PDT"]
[Termination "Jumbo won on time"]

1. d4 d5 2. Bf4 c5 3. e3 Nc6 4. c3 Nf6 5. Nf3 Bg4 6. Qb3 Qc8 7. Ne5 Bf5 8. Qa4 a6 9. dxc5 Nd7 10. b4 g5 11. Nxc6 bxc6 12. Bxg5 a5 13. b5 Bg7 14. Qa3 O-O 15. b6 Ne5 16. Nd2 Ng6 17. h4 f6 18. Bf4 Nxf4 19. exf4 e5 20. Nf3 Be4 21. Be2 Qg4 22. O-O-O Qxf4+ 23. Kb2 Bg6 24. Ka1 f5 25. h5 Bf7 26. h6 Bf6 27. Rh3 d4 28. cxd4 e4 29.
Ne5 Bxe5 30. dxe5 Qxf2 31. Qe3 Qxe3 32. Rxe3 Bg6 33. g3 Rfe8 34. e6 Kf8 35. Bc4 Rad8 36. Rxd8 Rxd8 37. Kb2 Ke7 38. Kc3 Rd1 39. Re2 Rd8 40. Rd2 Rxd2 41. Kxd2 Bh5 42. Ke3 1-0

[Event "*** Titled Tuesday Blitz"]
[Site "Chess.com"]
[Date "2020.05.19"]
[Round "7"]
[White "Grandmaster2B"]
[Black "Stormeman100100"]
[Result "1-0"]
[WhiteElo "2414"]
[BlackElo "2530"]
[TimeControl "180+1"]
[EndTime "13:20:59 PDT"]
[Termination "Grandmaster2B won by resignation"]

1. e4 c5 2. Nf3 d6 3. d4 cxd4 4. Nxd4 Nf6 5. Nc3 Nc6 6. f3 e5 7. Nb3 Be7 8. Be3 Be6 9. Nd5 O-O 10. Be2 a5 11. O-O a4 12. Nc1 Bxd5 13. exd5 Nb4 14. c4 a3 15. Qb3 axb2 16. Qxb2 Qa5 17. Rb1 Nxa2 18. Qxb7 Nc3 19. Rb2 Rfe8 20. Qb4 Qxb4 21. Rxb4 Bd8 22. Bd3 Ncxd5 23. cxd5 Nxd5 24. Be4 Nxe3 25.
Bxa8 Nxf1 26. Kxf1 Ba5 27. Bc6 Bxb4 28. Bxe8 Kf8 29.
Bc6 Ke7 30. Nd3 Bc3 31. Bd5 f5 32. Ke2 g5 33. Bg8 h5 34. Nf2 Kf6 35. Nd1 Bd4 36. Ne3 g4 37. Bh7 f4 38. Nd5+ Kg5 39. Be4 g3 40. h3 Kh6 41. Kd3 Kg7 42. Nxf4 Bf2 43. Nxh5+ Kf7 44. Kc4 Ke6 45. Ng7+ Kf6 46. Nf5 Ke6 47.
Ng7+ Kf6 48. Ne8+ Ke7 49. Nc7 Kd7 50. Nd5 Ke6 51. h4 Be1 52. h5 Bd2 53. Kd3 Bh6 54.
Ne3 Ke7 55. Nf5+ 1-0

[Event "*** Titled Tuesday Blitz"]
[Site "Chess.com"]
[Date "2020.05.19"]
[Round "7"]
[White "Grandelicious"]
[Black "GOGIEFF"]
[Result "1-0"]
[WhiteElo "2771"]
[BlackElo "2909"]
[TimeControl "180+1"]
[EndTime "13:21:00 PDT"]
[Termination "Grandelicious won on time"]

1. Nf3 d5 2. g3 g6 3. c4 d4 4.
b4 Bg7 5. d3 b6 6. Bg2 Bb7 7.
O-O e5 8. a4 Ne7 9. a5 O-O 10. b5 a6 11. axb6 cxb6 12. bxa6 Nxa6 13. Ba3 Nc5 14. Nbd2 Qc7 15. Qc2 h6 16. Rfb1 Ra6 17.
Bxc5 Rxa1 18. Rxa1 bxc5 19. Nb3 Nc6 20. Qb1 Nb4 21. Ra5 Rb8 22. Rxc5 Bc6 23. Nfd2 Bf8 24. Ra5 Bd7 25. Ne4 Nc6 26. Rb5 Be7 27. Nbc5 Bc8 28.
Rxb8 Nxb8 29. Na4 Nd7 30. Qb5 Kg7 31. Nd2 h5 32. h4 Nf6 33. Nb6 Bg4 34. Bf3 Qa7 35.
Nd5 Qa2 36. Nxe7 Qxd2 37. Qxe5 Qe1+ 38. Kg2 Bxf3+ 39. Kxf3 Qh1+ 40. Kf4 Qc1+ 41. e3 Qf1 42. f3 dxe3 43. Qxe3 1-0

[Event "*** Titled Tuesday Blitz"]
[Site "Chess.com"]
[Date "2020.05.19"]
[Round "7"]
[White "DenisQ"]
[Black "Gabrielian_Artur"]
[Result "0-1"]
[WhiteElo "2551"]
[BlackElo "2723"]
[TimeControl "180+1"]
[EndTime "13:21:00 PDT"]
[Termination "Gabrielian_Artur won by resignation"]

1. Nf3 Nf6 2. c4 g6 3. Nc3 Bg7 4. g3 O-O 5. Bg2 d6 6. O-O e5 7.
d3 Nc6 8. Rb1 a5 9. Bg5 h6 10.
Bxf6 Bxf6 11. a3 Bg7 12. b4 axb4 13. axb4 Ne7 14. b5 Be6 15. Nd2 e4 16. Qc2 exd3 17.
exd3 Nf5 18. Bxb7 Nd4 19. Qd1 Ra3 20. Nb3 Bh3 21. Bg2 Bxg2 22. Kxg2 Qa8+ 23. Nd5 Nxb5 24. Qf3 Nc3 25. Nxc3 Qxf3+ 26. Kxf3 Bxc3 27. Rfc1 Bf6 28. Rd1 Rb8 29. Nd2 Rxd3+ 30. Ke2 Rxb1 31. Rxb1 Ra3 32. Rb7 Bc3 33. Ne4 Ba5 34. Ra7 Kg7 35. h4 f5 36.
Nd2 Ra2 37. Kf3 Rxd2 38. Rxa5 Rd3+ 39. Ke2 Rc3 40. Ra4 Rc2+ 41. Ke3 Kf6 42. Rb4 Ke6 43.
f3 c5 44. Ra4 Rc3+ 45. Ke2 Ke5 46. f4+ Ke4 47. Ra6 Rc2+ 48. Kd1 Rxc4 49. Rxd6 Rd4+ 0-1